 Dungeon Crawl Stone Soup version 0.30.0-3-ga4e48a9924 (webtiles) character file.

Game seed: 11655694252085257944

15 hawla the Firebug (level 2, -1/22 HPs)
             Began as a Meteoran Fire Elementalist on May 7, 2023.
             Slain by a goblin
             ... wielding a +0 dagger
             ... led by Robin
              (6 damage)
             ... on level 2 of the Dungeon.
             The game lasted 00:01:00 (164 turns).

hawla the Firebug (Meteoran Fire Elementalist)       Turns: 164, Time: 00:01:01

Health: -1/22      AC:  2    Str:  9    XL:     2   Next: 88%
Magic:  7/7        EV: 12    Int: 16    God:
Gold:   31         SH:  0    Dex: 14    Spells: 6/7 levels left

rFire   . . .        (no weapon)
rCold   . . .        (no shield)
rNeg    . . .        a - +0 robe
rPois   .            (no helmet)
rElec   .            (no cloak)
rCorr   .            (no gloves)
SInv    .            (no boots)
Will    .....        (no amulet)
Stlth   +            d - ring of flight
HPRegen 0.23/turn    (no ring)
MPRegen 0.10/turn

%: no passive effects
@: flying, glowing
A: sense surroundings 1, otherworldly, glowing, explore regen
a: no special abilities


You were on level 2 of the Dungeon.
You visited 1 branch of the dungeon, and saw 2 of its levels.

You collected 31 gold pieces.

Inventory:

Armour
 a - a +0 robe (worn)
Jewellery
 d - a ring of flight (left hand)
Scrolls
 f - a scroll of teleportation {unknown}
 g - a scroll of identify {unknown}


   Skills:
 + Level 0.5 Fighting
 + Level 2.4 Dodging
 - Level 1.4 Stealth
 + Level 3.1 Spellcasting
 + Level 1.2 Conjurations
 + Level 4.1 Fire Magic


You had 6 spell levels left.
You knew the following spells:

 Your Spells              Type           Power      Damage    Failure   Level
a - Foxfire               Conj/Fire      44%        2x1d6     6%          1

Your spell library contained the following spells:

 Spells                   Type           Power      Damage    Failure   Level
 Scorch                   Fire           30%        2d6       4%          2
 Inner Flame              Hex/Fire       9%         N/A       24%         3
 Volatile Blastmotes      Fire/Tloc      18%        2d11      24%         3
 Flame Wave               Conj/Fire      11%        2d6       52%         4


Dungeon Overview and Level Annotations

Branches:
Dungeon (2/15) Zot: 1035

Altars:

Annotations:
D:2 Robin


Innate Abilities, Weirdness & Mutations

You passively map a small area around you.
You are easily found by Zot.
You glow in the dark.
You regain HP and MP as you explore.


Message History

The goblin hits you with a +1 vampiric dagger.
You closely miss the goblin.
A goblin comes into view. It is wielding a +0 dagger.
The goblin hits you with a +1 vampiric dagger.
Robin roars a battlecry!
The goblins go into a battle-frenzy!
The goblin shouts!
You hear a shout!
You completely miss the goblin.
A goblin comes into view. It is wielding a +0 dagger.
The goblin hits you with a +1 vampiric dagger.
You miss the goblin.
The goblin hits you with a +1 vampiric dagger.
Magic courses through your body.
A goblin comes into view. It is wielding a +0 dagger.
The goblin closely misses you.
Robin roars a battlecry!
The goblins go into a battle-frenzy!
The goblin attacks as you move away! The goblin barely misses you.
A goblin comes into view. It is wielding a +0 dagger of venom.
Casting: Foxfire (safe; 6% risk of failure)
Confirm with . or Enter, or press ? or * to list all spells.
You don't know that spell.
Unknown command.
You aren't carrying any potions.
Casting: Foxfire (safe; 6% risk of failure)
Confirm with . or Enter, or press ? or * to list all spells.
You don't know that spell.
As you read the scroll labelled AGRUZ XUJODU, it crumbles to dust.
You feel aware of your surroundings.
You sensed 1 altar.
It was a scroll of magic mapping.
A hobgoblin comes into view.
The goblin misses you. Robin throws the goblin at you!
* * * LOW HITPOINT WARNING * * *
Unknown command.
As you read the scroll labelled WORAOQ ELLOID, it crumbles to dust.
You hear a loud clanging noise!
It was a scroll of noise.
You hear a shout!
You hear an angry hiss.
The goblin hits you with a +0 dagger.
You die...

*,*,*,#...#,* #....####.#*
*,#.#.#..##,* #(........#
*,#.....(<#,* #####.#####
*,#.#.#####,* ##...#
*,*,#.,,,,,,* #..###
*,*,#******** ###.##
*,*,,,,,,,,,* ##...#
*,*********,* ##g.###
,,,,,,,,,,,,* #@†##
*+*********** #g##
,,,,,,,,* **#g#***
,,,,,,,,* *,...,,*
,,,,,,,,* *.g...,*
,,,,,,,,* #g..g..*
,,,,,,,,* #......#
,,,,,,,,*****#.##g|.#*****
**********,,,..,,..!.,,,,*


You could see Robin, a hobgoblin and 5 goblins.

Vanquished Creatures
  A dart slug (D:1)
  An endoplasm (D:1)
  A giant cockroach (D:2)
  4 goblins
  3 hobgoblins (D:2)
10 creatures vanquished.

Vanquished Creatures (others)
  24 foxfires
24 creatures vanquished.

Grand Total: 34 creatures vanquished

Notes
Turn   | Place    | Note
-------+----------+-------------------------------------------
     0 | D:1      | hawla the Meteoran Fire Elementalist began the quest for
                  | the Orb.
     0 | D:1      | Reached XP level 1. HP: 14/14 MP: 5/5
    75 | D:1      | Reached XP level 2. HP: 20/20 MP: 2/6
   142 | D:2      | Reached skill level 4 in Fire Magic
   155 | D:2      | Noticed Robin
   164 | D:2      | Slain by a goblin

Illustrated notes

Levels and vault maps discovered:
D:1:      dpeg_arrival_arbitrary_b, layout_rooms,
          shapermc_ecumenical_altar_venn, minmay_heptomino_h4
D:2:      layout_basic, basic_altar, uniq_sigmund, uniq_robin

Skill      XL: |  1  2 |
---------------+-------+-----
Spellcasting   | 3 |  3.1
Fire Magic     | 4 |  4.1
Fighting       | |  0.5
Dodging        | |  2.4
Stealth        | |  1.4
Conjurations   | |  1.2

Action                     || total
---------------------------++-------
  Melee: Unarmed           ||     7
   Cast: Foxfire           ||    14
    Use: Scroll            ||     2
         Potion            ||     1
 Armour: Robe              ||     1
  Dodge: Dodged            ||     9
